 Dungeon Crawl Stone Soup version 0.27.0-66-gdc8fb28755 (webtiles) character file.

Game seed: 8177530061239700204

5379 Kinoniko the Severer (level 10, -6/83 HPs)
             Began as a Hill Orc Berserker on Aug 20, 2021.
             Was a High Priest of Trog.
             Mangled by a catoblepas (21 damage)
             ... on level 9 of the Dungeon.
             The game lasted 00:09:29 (9719 turns).

Kinoniko the Severer (Hill Orc Berserker)           Turns: 9719, Time: 00:09:29

Health: -6/83      AC: 12    Str: 24    XL:     10   Next: 66%
Magic:  10/10      EV: 11    Int:  7    God:    Trog [*****.]
Gold:   405        SH:  0    Dex: 10    Spells: 9/9 levels left

rFire    . . .     SeeInvis +   n - +2 hand axe (venom)
rCold    . . .     Faith    .   (no shield)
rNeg     . . .     Spirit   .   o - +1 ring mail {rPois}
rPois    +         Reflect  .   (no helmet)
rElec    .         Harm     .   i - +0 cloak
rCorr    .         Rampage  .   g - +0 pair of gloves
Will     .....                  x - +2 pair of boots
Stlth    ..........             (no amulet)
HPRegen  0.23/turn              y - ring of see invisible
MPRegen  0.12/turn              (no ring)

@: on berserk cooldown, slowed, very slow
A: no striking features
a: Renounce Religion, Berserk, Trog's Hand, Brothers in Arms


You were on level 9 of the Dungeon.
You worshipped Trog.
Trog was extremely pleased with you.
You visited 1 branch of the dungeon, and saw 9 of its levels.

You collected 405 gold pieces.

Inventory:

Hand Weapons
 a - a +0 hand axe
 n - a +2 hand axe of venom (weapon)
 q - a +0 war axe
Armour
 b - a +0 animal skin
 g - a +0 pair of gloves (worn)
 i - a +0 cloak (worn)
 k - a +0 ring mail
 o - a +1 ring mail of poison resistance (worn)
 x - a +2 pair of boots (worn)
Jewellery
 y - a ring of see invisible (left hand)
Wands
 t - a wand of iceblast (10)
 u - a wand of flame (15)
 C - a wand of paralysis (6)
Scrolls
 h - a scroll of magic mapping
 j - 3 scrolls of fog
 l - a scroll of fear
 m - 2 scrolls of amnesia
 s - a scroll of silence
 B - a scroll of vulnerability
 D - a scroll of enchant weapon
Potions
 c - 5 potions of curing
 e - 2 potions of brilliance
 f - a potion of ambrosia {unknown}
 p - a potion of invisibility
 r - a potion of lignification {unknown}
 v - 3 potions of haste {unknown}
 w - 2 potions of flight {unknown}
 z - a potion of heal wounds {unknown}
 A - a potion of attraction {unknown}


   Skills:
 * Level 6.2 Fighting
 - Level 17.5 Axes
 + Level 3.8 Armour
 + Level 2.9 Dodging


You had 9 spell levels left.
You didn't know any spells.
Your spell library was empty.

Dungeon Overview and Level Annotations

Branches:
Dungeon (9/15)             Temple (0/1) D:5
   Lair: D:8-11         Orc: D:9-12

Altars:
Ashenzari
Dithmenos
Fedhas
Gozag
Makhleb
Nemelex Xobeh
Okawaru
Uskayaw
Vehumet
Yredelemnul
The Shining One

Annotations:
D:7 2 runed translucent doors, moritonal's ghost, novice DEEE


Message History

You completely miss the catoblepas.
You are engulfed in calcifying dust.
You are slowing down.
The catoblepas gores you.
You slash the catoblepas!
The catoblepas is poisoned.
The catoblepas is lightly wounded.
You are engulfed in calcifying dust.
You completely miss the catoblepas.
The catoblepas is lightly wounded.
You are engulfed in calcifying dust.
Your limbs have turned to stone.
The catoblepas gores you!!
You have turned to stone.
You are engulfed in calcifying dust.
The catoblepas gores you!
You are engulfed in calcifying dust.
The catoblepas breathes a plume of calcifying dust at you.
The blast of calcifying dust hits you but does no damage.
The catoblepas completely misses you. The catoblepas gores you!!
The catoblepas gores you! The catoblepas gores you. The catoblepas gores you!!
* * * LOW HITPOINT WARNING * * *
The catoblepas gores you but does no damage.
The catoblepas gores you!!
* * * LOW HITPOINT WARNING * * *
The catoblepas gores you but does no damage.
You turn to flesh and can move again.
Unknown command.
Unknown command.
You hit the catoblepas but do no damage.
The catoblepas looks even sicker.
The catoblepas is lightly wounded.
Unknown command.
The catoblepas gores you.
* * * LOW HITPOINT WARNING * * *
You feel a strong urge to attack something.
You are no longer berserk.
You are exhausted.
You feel yourself slow down.
There is a stone staircase leading up here.
The catoblepas gores you!!
You die...

#.# ####### #........
####.####.<...# #........
#......##.....###..##....
#.##.#.##........#.......
#.##.#.##.....###..###...
#....#.##.....# #.# #.
#..###.######## ##
#..###.##### #.......Y@.#
##########.########
#..........# #.#.##.#.###
#.#...###.# #.####.#.##
#.####..## #......##
########


You could see a catoblepas (very poisoned).

Vanquished Creatures
  A two-headed ogre (D:9)
  Joseph (D:7)
  A troll (D:6)
  Grinder (D:4)
  Sigmund (D:4)
  An acid dragon (D:9)
  3 water moccasins
  A hornet zombie (D:8)
  4 orc warriors
  A black bear (D:4)
  2 ice beasts
  A necrophage (D:5)
  4 ogres
  4 centaurs
  3 phantoms
  2 kobold brigands (D:9)
  3 scorpions
  A water moccasin skeleton (D:6)
  A killer bee (D:9)
  3 wights (D:7)
  A howler monkey (D:9)
  5 centaur zombies
  A bullfrog zombie (D:4)
  4 hounds
  2 jellies
  A gnoll shaman (D:5)
  4 orc priests
  A centaur skeleton (D:4)
  3 iguanas
  10 orc wizards
  A killer bee zombie (D:6)
  A hound zombie (D:4)
  4 gnolls
  3 adders
  2 white imps
  2 adder zombies (D:4)
  2 adder skeletons (D:4)
  4 dart slugs
  32 orcs
  7 ball pythons
  8 endoplasms
  4 giant cockroaches
  5 goblins
  6 hobgoblins
  10 jackals
  3 quokkas
  3 bats
  2 frilled lizards
  A jackal skeleton (D:4)
  16 kobolds
  A quokka skeleton (D:4)
  3 rats
191 creatures vanquished.

Vanquished Creatures (others)
  A wyvern zombie (D:7)
  2 withered plants (D:4)
3 creatures vanquished.

Grand Total: 194 creatures vanquished

Notes
Turn   | Place    | Note
-------+----------+-------------------------------------------
     0 | D:1      | Kinoniko the Hill Orc Berserker began the quest for the
                  | Orb.
     0 | D:1      | Reached XP level 1. HP: 19/19 MP: 1/1
   416 | D:1      | Reached XP level 2. HP: 25/27 MP: 2/2
   775 | D:1      | Found a faded altar of an unknown god.
   861 | D:1      | Reached skill level 5 in Axes
  1191 | D:2      | Reached XP level 3. HP: 33/33 MP: 3/3
  1240 | D:2      | Found a basalt altar of Yredelemnul.
  1340 | D:2      | Reached ** piety under Trog
  1616 | D:2      | Reached skill level 6 in Axes
  1888 | D:3      | You fall into a shaft and drop 2 floors!
  1888 | D:5      | Entered Level 5 of the Dungeon
  1888 | D:5      | Found a staircase to the Ecumenical Temple.
  1888 | D:5      | Noticed an ogre
  1892 | D:5      | Killed an ogre
  1893 | D:5      | Reached skill level 7 in Axes
  1893 | D:5      | Reached XP level 4. HP: 40/40 MP: 4/4
  1893 | D:5      | Reached XP level 5. HP: 46/46 MP: 5/5
  2017 | D:5      | Noticed a necrophage
  2040 | D:5      | Reached skill level 8 in Axes
  2041 | D:5      | Killed a necrophage
  2042 | D:5      | Reached XP level 6. HP: 14/52 MP: 6/6
  2378 | D:4      | Reached skill level 9 in Axes
  2387 | D:3      | Found a blossoming altar of Fedhas.
  2410 | D:3      | Found a broken altar of Ashenzari.
  2710 | D:3      | Found a glowing golden altar of the Shining One.
  2834 | D:3      | Reached *** piety under Trog
  3371 | D:4      | Reached skill level 10 in Axes
  3371 | D:4      | Reached XP level 7. HP: 42/58 MP: 7/7
  3833 | D:4      | Reached skill level 11 in Axes
  3937 | D:4      | Reached XP level 8. HP: 64/66 MP: 8/8
  3980 | D:4      | Noticed Sigmund
  3991 | D:4      | Killed Sigmund
  3992 | D:4      | Reached skill level 12 in Axes
  4124 | D:4      | Reached **** piety under Trog
  4158 | D:4      | Noticed Grinder
  4159 | D:4      | Paralysed by Grinder for 3 turns
  4171 | D:4      | Killed Grinder
  4172 | D:4      | Reached skill level 13 in Axes
  4328 | D:4      | Found a sparkling altar of Nemelex Xobeh.
  5197 | D:5      | Found an opulent altar of Gozag.
  5282 | D:6      | Noticed a troll
  5290 | D:6      | Killed a troll
  5291 | D:6      | Reached skill level 14 in Axes
  5291 | D:6      | Reached XP level 9. HP: 71/71 MP: 9/9
  5447 | D:6      | Reached skill level 15 in Axes
  6453 | D:7      | Noticed Joseph
  6469 | D:7      | Killed Joseph
  6470 | D:7      | Reached skill level 16 in Axes
  7098 | D:7      | Found a radiant altar of Vehumet.
  7274 | D:7      | Found an iron altar of Okawaru.
  7449 | D:7      | Reached XP level 10. HP: 56/78 MP: 10/10
  7640 | D:7      | Noticed moritonal's ghost (novice DEEE)
  7641 | D:7      | Found a large runed translucent door.
  7641 | D:7      | Found a large runed translucent door.
  7705 | D:7      | Reached skill level 17 in Axes
  7873 | D:7      | Found a hide-covered altar of Uskayaw.
  8172 | D:8      | Found a shadowy altar of Dithmenos.
  8292 | D:8      | Found a burning altar of Makhleb.
  9258 | D:9      | Reached ***** piety under Trog
  9427 | D:9      | Noticed a two-headed ogre
  9439 | D:9      | Killed a two-headed ogre
  9440 | D:9      | Reached skill level 5 in Fighting
  9468 | D:9      | Noticed a two-headed ogre
  9485 | D:9      | Noticed a catoblepas
  9719 | D:9      | Mangled by a catoblepas

Illustrated notes

Levels and vault maps discovered:
D:1:      dpeg_arrival_ternary, layout_basic, hellmonk_ecumenical_altar_blasted
D:2:      layout_rooms, basic_altar, corexii_corridor_pit, st_stairs_12,
          corexii_item_surrounded_by_moat, hangedman_feature_mirror
D:3:      layout_basic, marbit_many_paths, evilmike_ruin_ashenzari,
          fedhas_altar_3, minmay_starry_boxes
D:4:      layout_loops_ring, general_overflow_altar, serial_undead,
          serial_undead_b, serial_undead_e, serial_undead_e, serial_undead_b,
          minmay_surrounded, uniq_grinder, uniq_sigmund
D:5:      layout_basic, mainiacjoe_overflow_alcove_1,
          minmay_temple_entry_large_hall
D:6:      layout_basic, portal_sewer_entry_e, kennysheep_decorative_pillar
D:7:      layout_loops_ring, mainiacjoe_overflow_24_doors,
          vehumet_altar_wand_db, okawaru_metal_pillars_1_2,
          ebering_ghost_disaster_area, uniq_joseph
D:8:      layout_basic, grunt_dithmenos_smoke_and_mirrors,
          mainiacjoe_overflow_alcove_2
D:9:      minmay_chambers_of_sixes, layout_loops_cross,
          kennysheep_vampire_church, nicolae_overflow_crystal_walls,
          chequers_arboretum, minmay_the_grid_2x2 [minmay_the_grid_expand,
          minmay_the_grid_minigrid_small, minmay_the_grid_embedded,
          minmay_the_grid_prize_four_corners_diamond_a]

Skill      XL: |  1  2  3  4  5  6  7  8  9 10 |
---------------+-------------------------------+-----
Axes           | 5 7 8 10 11 14 16 17 | 17.5
Fighting       | 6 |  6.2
Dodging        | 2 |  2.9
Armour         | 3 |  3.8

Action                   |  1- 3 |  4- 6 |  7- 9 | 10-12 || total
-------------------------+-------+-------+-------+-------++-------
Melee: Hand axe          |   111 |   111 |   356 |   155 ||   733
Invok: Berserk           |     1 |     2 |     9 |     2 ||    14
       Trog's Hand       |       |     1 |       |     1 ||     2
  Use: Potion            |       |     1 |       |       ||     1
       Scroll            |       |     8 |     2 |     5 ||    15
 Stab: Sleeping          |     2 |       |       |       ||     2
Armor: Animal skin       |    23 |       |       |       ||    23
       Ring mail         |     1 |    46 |   102 |    78 ||   227
Dodge: Dodged            |    59 |    56 |   118 |    61 ||   294
